 Dungeon Crawl Stone Soup version 0.28.0-53-g5a82cb258f (webtiles) character file.

Game seed: 17027486189772794836

21432 Plasmagod the Carver (level 12, 0/107 HPs)
             Began as a Minotaur Fighter on July 13, 2022.
             Was a High Priest of Fedhas.
             Slain by Rupert
             ... wielding a +3 vorpal battleaxe
              (10 damage)
             ... on level 13 of the Dungeon.
             The game lasted 01:04:50 (11908 turns).

Plasmagod the Carver (Minotaur Fighter)            Turns: 11908, Time: 01:04:50

Health: 0/107      AC: 26    Str: 24    XL:     12   Next: 54%
Magic:  0/16       EV:  8    Int:  5    God:    Fedhas [*****.]
Gold:   734        SH:  0    Dex: 12    Spells: 11/11 levels left

rFire   . . .      SeeInvis .   H - +6 great sword (chaos)
rCold   . . .      Faith    .   (shield currently unavailable)
rNeg    . . .      Spirit   +   j - +0 plate armour
rPois   .          Reflect  .   (helmet restricted)
rElec   .          Harm     .   C - +1 cloak {rCorr}
rCorr   +          Rampage  .   r - +0 pair of gloves
Will    .....                   (no boots)
Stlth   ..........              n - amulet of guardian spirit
HPRegen 0.27/turn               p - +4 ring of protection
MPRegen 0.15/turn               g - +4 ring of protection

@: studying Transmutations
A: horns 2, retaliatory headbutt, talons 1
a: Renounce Religion, Wall of Briars, Grow Ballistomycete, Overgrow, Grow Oklob


You were on level 13 of the Dungeon.
You worshipped Fedhas.
Fedhas was extremely pleased with you.
You visited 1 branch of the dungeon, and saw 13 of its levels.

You collected 734 gold pieces.

Inventory:

Hand Weapons
 a - a +1 war axe
 e - a +3 long sword of holy wrath
 A - a +2 long sword of flaming
 D - a +2 vorpal shortbow
 H - a +6 great sword of chaos (weapon)
 L - the +1 long sword of Hell's Wrath {antimagic, Contam rF+++ Int-3 SInv}
   (You found it on level 11 of the Dungeon)

   It reduces the magical energy of the wielder, and disrupts the spells and
   magical abilities of those it strikes.
   Natural abilities and divine invocations are not affected.
   Int:       It affects your intelligence (-3).
   rF:        It renders you almost immune to fire.
   SInv:      It lets you see invisible.
   Contam:    It causes magical contamination when unequipped.
Missiles
 E - 185 arrows
Armour
 c - a +0 buckler
 j - a +0 plate armour (worn)
 q - a scarf of shadows
 r - a +0 pair of gloves (worn)
 u - a +0 cloak
 C - a +1 cloak of preservation (worn)
Jewellery
 b - a ring of see invisible
 g - a +4 ring of protection (right hand)
 i - a ring of magical power
 n - an amulet of guardian spirit (around neck)
 p - a +4 ring of protection (left hand)
 w - a ring of wizardry
 B - a ring of ice
 K - a +6 ring of dexterity
 P - a ring of wizardry
Wands
 s - a wand of flame (34)
 y - a wand of digging (3)
 F - a wand of charming (14)
 G - a wand of polymorph (1)
Scrolls
 h - 2 scrolls of amnesia
 l - 5 scrolls of identify
 v - a scroll of brand weapon
 I - 2 scrolls of teleportation
 J - a scroll of magic mapping
 M - a scroll of summoning
 N - a scroll of fog
 O - a scroll of fear
Potions
 d - a potion of might
 f - 2 potions of mutation
 k - 2 potions of berserk rage
 m - 4 potions of lignification
 o - a potion of cancellation
 x - 3 potions of curing
 z - 4 potions of flight
 Q - a potion of resistance


   Skills:
 + Level 10.5 Fighting
 + Level 13.7 Long Blades
 - Level 11.1 Axes
 + Level 5.4 Bows
 + Level 10.6 Armour
 + Level 1.6 Dodging
 + Level 0.6 Stealth
 + Level 6.0 Shields
 * Level 7.1 Invocations


You had 11 spell levels left.
You didn't know any spells.
Your spell library contained the following spells:

 Spells                   Type           Power      Damage    Failure   Level
 Beastly Appendage        Tmut           0%         N/A       99%         1
 Foxfire                  Conj/Fire      0%         2x1d4     99%         1
 Magic Dart               Conj           0%         1d3       99%         1
 Call Imp                 Summ           0%         N/A       100%        2
 Corpse Rot               Necr/Air       0%         N/A       100%        2
 Poisonous Vapours        Pois/Air       0%         N/A       100%        2
 Searing Ray              Conj           0%         2d4       100%        2
 Wereblood                Tmut           0%         N/A       100%        2
 Conjure Flame            Conj/Fire      0%         6-21      100%        3
 Inner Flame              Hex/Fire       0%         N/A       100%        3
 Mephitic Cloud           Conj/Pois/Air  0%         N/A       100%        3
 Spider Form              Tmut/Pois      0%         N/A       100%        3
 Flame Wave               Conj/Fire      0%         2d4       100%        4
 Fulminant Prism          Conj/Hex       0%         3d6       100%        4
 Alistair's Intoxication  Tmut/Pois      0%         N/A       100%        5
 Borgnjor's Vile Clutch   Necr/Erth      0%         N/A       100%        5
 Eringya's Noxious Bog    Tmut/Pois      0%         N/A       100%        6


Dungeon Overview and Level Annotations

Branches:
Dungeon (13/15)            Temple (0/1) D:5            Lair (0/6) D:8
    Orc (0/2) D:11         Vaults (0/5) D:13

Altars:
Cheibriados
Fedhas
Qazlal
Trog
Vehumet
Xom

Annotations:
D:13 Rupert


Innate Abilities, Weirdness & Mutations

You have a pair of horns on your head.
You reflexively headbutt those who attack you in melee.
You have sharp toenails.


Message History

Found 15 arrows.
Found a leather armour.
Rupert screams, "Give me the Holy Grail!"
Found 14 stones.
Rupert roars wildly at you.
You suddenly lose the ability to move!
Rupert says, "My Mum always said: 'Kill them all.'" You can move again.
You see here 15 arrows.
The meliai hits you but does no damage. The meliai misses you.
Rupert yells loudly at you.
You struggle to resist.
The meliai invokes the aid of its god against you.
Something smites you!
* * * LOW HITPOINT WARNING * * *
The meliai hits you with a +0 hand axe.
* * * LOW HITPOINT WARNING * * *
The meliai stings you but does no damage.
Rupert roars madly and goes into a rage!
Rupert goes berserk!
The meliai closely misses you.
The meliai stings you but does no damage.
The meliai hits you with a +0 hand axe!
* * * LOW HITPOINT WARNING * * *
The meliai stings you but does no damage.
The meliai hits you with a +0 hand axe!
* * * LOW HITPOINT WARNING * * *
The meliai closely misses you.
You feel better. The meliai barely misses you. You furiously retaliate!
You headbutt the meliai, but do no damage.
The meliai barely misses you.
Found a tiny brass amulet.
The meliai invokes the aid of its god against you.
Something smites you!
* * * LOW HITPOINT WARNING * * *
Rupert rages.
Rupert rages.
Rupert hits you with a +3 vorpal battleaxe!
You die...
Fedhas appreciates your contribution to the ecosystem.

..# #..# #..# #.....
..#+#####..#... #..+ #.....
...........# .. #..# #.....
#+#####...<###'#####..#
#..... #
#........<......######.....
#
#........)...[.............
#
#..........................
# #...............#########
# #.........@.....# .
....####..[..@y...# . ...##
#..........# ....
#..........# ...
#...###'#O.# ..
#...+...#..# #...#.."#..#
#...#...#O.# .
#...#####..##########.


You could see Rupert (berserk), a two-headed ogre and a meliai.

Vanquished Creatures
  3 hydras (D:12)
  8 vault guards (D:13)
  A death knight (D:11)
  3 two-headed ogres
  3 death yaks (D:8)
  A deep elf pyromancer (D:12)
  An ugly thing (D:11)
  4 centaur zombies
  Maurice (D:10)
  3 kobold demonologists
  A freezing wraith (D:11)
  A tengu conjurer (D:13)
  Prince Ribbit (D:8)
  Sigmund (D:2)
  A shadow (D:12)
  4 wraiths
  A wyvern (D:7)
  6 yaks
  2 steam dragons
  Edmund (D:4)
  3 acid dragons
  2 water moccasins
  A sky beast (D:7)
  3 ice beasts
  A necrophage (D:6)
  2 orc warriors (D:11)
  2 ogres
  6 centaurs
  A phantom (D:4)
  4 kobold brigands (D:10)
  2 gnoll sergeants
  A bullfrog (D:8)
  3 scorpions
  A water moccasin skeleton (D:6)
  9 killer bees
  8 wights (D:8)
  3 howler monkeys (D:12)
  A jelly (D:5)
  A gnoll shaman (D:8)
  3 centaur skeletons
  4 orc priests
  A bullfrog skeleton (D:6)
  A hound (D:7)
  A hell rat (D:8)
  8 orc wizards
  Natasha (thrice) (D:2)
  2 iguanas (D:5)
  A scorpion zombie (D:5)
  A killer bee zombie (D:6)
  A hound skeleton (D:5)
  A howler monkey skeleton (D:3)
  11 adders
  16 gnolls
  2 river rats (D:8)
  An adder skeleton (D:4)
  A worm (D:4)
  4 dart slugs
  24 orcs
  8 ball pythons
  9 endoplasms
  3 giant cockroaches
  8 goblins
  7 hobgoblins
  12 jackals
  6 quokkas
  8 bats
  4 frilled lizards
  9 kobolds
  7 rats
  2 ballistomycete spores (D:13)
270 creatures vanquished.

Vanquished Creatures (collateral kills)
  A wight (D:8)
  13 ballistomycete spores
14 creatures vanquished.

Vanquished Creatures (others)
  An adder (D:8)
  A ball python (D:8)
  2 ballistomycete spores
  A bush (D:8)
  7 plants (D:8)
12 creatures vanquished.

Grand Total: 296 creatures vanquished

Notes
Turn   | Place    | Note
-------+----------+-------------------------------------------
     0 | D:1      | Plasmagod the Minotaur Fighter began the quest for the Orb.
     0 | D:1      | Reached XP level 1. HP: 19/19 MP: 0/0
   120 | D:1      | Reached XP level 2. HP: 22/27 MP: 1/1
   484 | D:1      | Reached XP level 3. HP: 24/33 MP: 2/2
   682 | D:1      | Found a faded altar of an unknown god.
   686 | D:1      | Prayed at the altar of an unknown god.
   686 | D:1      | Became a worshipper of Fedhas Madash
   686 | D:1      | Reached * piety under Fedhas
  1014 | D:2      | Reached XP level 4. HP: 32/41 MP: 3/3
  1103 | D:2      | Reached ** piety under Fedhas
  1109 | D:2      | Noticed Natasha
  1116 | D:2      | Killed Natasha
  1131 | D:2      | Noticed Natasha
  1145 | D:2      | Killed Natasha
  1146 | D:2      | Reached skill level 5 in Fighting
  1338 | D:2      | Reached XP level 5. HP: 42/48 MP: 4/4
  1398 | D:2      | Noticed Sigmund
  1412 | D:2      | Killed Sigmund
  1413 | D:2      | Reached skill level 5 in Axes
  1413 | D:2      | Reached XP level 6. HP: 56/56 MP: 5/5
  1497 | D:2      | Noticed Natasha
  1503 | D:2      | Killed Natasha
  1913 | D:4      | Reached skill level 5 in Armour
  2159 | D:4      | Reached XP level 7. HP: 52/62 MP: 6/6
  2353 | D:4      | Noticed Edmund
  2365 | D:4      | Killed Edmund
  2685 | D:5      | Entered Level 5 of the Dungeon
  2744 | D:5      | Reached *** piety under Fedhas
  2805 | D:5      | Found a staircase to the Ecumenical Temple.
  2835 | D:5      | Reached skill level 5 in Shields
  2955 | D:5      | Reached skill level 1 in Invocations
  3147 | D:5      | Reached XP level 8. HP: 62/71 MP: 8/8
  3859 | D:6      | Found a bloodstained altar of Trog.
  4412 | D:7      | Reached skill level 10 in Axes
  4421 | D:7      | Reached XP level 9. HP: 73/78 MP: 8/10
  4672 | D:7      | Found a stormy altar of Qazlal.
  5341 | D:8      | Reached skill level 1 in Long Blades
  5344 | D:8      | Reached skill level 2 in Long Blades
  5458 | D:8      | Noticed Prince Ribbit
  5468 | D:8      | Killed Prince Ribbit
  5468 | D:8      | Reached **** piety under Fedhas
  5469 | D:8      | Reached skill level 3 in Long Blades
  5594 | D:8      | Reached skill level 4 in Long Blades
  5644 | D:8      | Noticed a death yak
  5644 | D:8      | Noticed a death yak
  5858 | D:8      | Noticed a death yak
  5865 | D:8      | Killed a death yak
  5866 | D:8      | Reached skill level 5 in Long Blades
  5866 | D:8      | Reached XP level 10. HP: 66/88 MP: 8/12
  5875 | D:8      | Killed a death yak
  5876 | D:8      | Reached skill level 6 in Long Blades
  5876 | D:8      | Reached skill level 1 in Dodging
  5876 | D:8      | Reached skill level 5 in Invocations
  5881 | D:8      | Killed a death yak
  5882 | D:8      | Reached skill level 7 in Long Blades
  6135 | D:8      | Reached skill level 8 in Long Blades
  6400 | D:8      | Found a staircase to the Lair.
  6504 | D:8      | Found a radiant altar of Vehumet.
  7043 | D:9      | Reached skill level 9 in Long Blades
  7109 | D:9      | Found a snail-covered altar of Cheibriados.
  7560 | D:10     | Entered Level 10 of the Dungeon
  7618 | D:10     | Noticed Maurice
  7645 | D:10     | Killed Maurice
  7935 | D:10     | Reached skill level 10 in Long Blades
  7946 | D:10     | Reached XP level 11. HP: 91/95 MP: 10/14
  8040 | D:10     | Reached skill level 1 in Bows
  8043 | D:10     | Reached ***** piety under Fedhas
  8489 | D:11     | Identified the +1 long sword of Hell's Wrath {antimagic,
                  | Contam rF+++ Int-3 SInv}
  8491 | D:11     | Found a staircase to the Orcish Mines.
  8506 | D:11     | Noticed a two-headed ogre
  8510 | D:11     | Killed a two-headed ogre
  8511 | D:11     | Reached skill level 11 in Long Blades
  8667 | D:11     | Noticed a two-headed ogre
  8679 | D:11     | Killed a two-headed ogre
  8953 | D:11     | Reached skill level 12 in Long Blades
  9475 | D:11     | Noticed a death knight
  9493 | D:11     | Killed a death knight
  9780 | D:11     | Found a shimmering altar of Xom.
  9880 | D:12     | Noticed a purple ugly thing
  9886 | D:11     | Killed a purple ugly thing
  9926 | D:12     | Noticed a six-headed hydra
  9943 | D:12     | Killed a one-headed hydra
 10081 | D:12     | Noticed a seven-headed hydra
 10098 | D:12     | Killed a two-headed hydra
 10488 | D:12     | Noticed a deep elf pyromancer
 10505 | D:12     | Killed a deep elf pyromancer
 10520 | D:12     | Gained mutation: You have sharp toenails. [mutagenic glow]
 10771 | D:12     | Noticed a six-headed hydra
 10781 | D:12     | Killed a five-headed hydra
 10782 | D:12     | Reached skill level 5 in Bows
 10782 | D:12     | Reached XP level 12. HP: 105/106 MP: 15/15
 11246 | D:13     | Noticed a two-headed ogre
 11253 | D:13     | Killed a two-headed ogre
 11363 | D:13     | Found a gate to the Vaults.
 11363 | D:13     | Noticed a vault guard
 11363 | D:13     | Noticed a vault guard
 11363 | D:13     | Noticed a vault guard
 11363 | D:13     | Noticed a vault guard
 11363 | D:13     | Noticed a vault guard
 11363 | D:13     | Noticed a vault guard
 11363 | D:13     | Noticed a vault guard
 11364 | D:13     | Noticed a vault guard
 11371 | D:13     | Killed a vault guard
 11372 | D:13     | Reached skill level 10 in Fighting
 11372 | D:13     | Reached skill level 13 in Long Blades
 11379 | D:13     | Killed a vault guard
 11379 | D:13     | Killed a vault guard
 11380 | D:13     | Reached skill level 10 in Armour
 11386 | D:13     | Killed a vault guard
 11389 | D:13     | Killed a vault guard
 11400 | D:13     | Killed a vault guard
 11407 | D:13     | Killed a vault guard
 11410 | D:13     | Killed a vault guard
 11829 | D:13     | Noticed a boulder beetle
 11835 | D:13     | Noticed an ettin
 11835 | D:13     | a boulder beetle changed into an ettin
 11863 | D:13     | Noticed Rupert
 11878 | D:13     | Noticed a two-headed ogre
 11891 | D:13     | Paralysed by Rupert for 5 turns
 11908 | D:13     | Slain by Rupert

Illustrated notes

Levels and vault maps discovered:
D:1:      pf_arrival_petrified_forest, layout_loops_cross,
          hellmonk_ecumenical_altar_leap_of_faith
D:2:      layout_rooms, hex_tiny, uniq_sigmund, uniq_natasha
D:3:      layout_rooms
D:4:      layout_basic, uniq_edmund
D:5:      layout_basic, minmay_temple_entry_fiery
D:6:      layout_basic, trog_book
D:7:      layout_loops_ring, lemuel_tele_altar, minivault_11
D:8:      layout_gridville, nicolae_vehumet_altar_sigil, dpeg_lair_monsters,
          minivault_26, introduction_to_nature_2, uniq_prince_ribbit1
D:9:      layout_rooms, kennysheep_little_box
D:10:     layout_irregular_city, uniq_maurice
D:11:     layout_basic, orc_0_dummy, hangedman_abyss_or_decor_passed,
          xom_teletrap_fun
D:12:     layout_basic
D:13:     layout_irregular_city, erik_vaults_2, uniq_rupert

Skill      XL: |  1  2  3  4  5  6  7  8  9 10 11 12 |
---------------+-------------------------------------+-----
Fighting       | 4 5 6 7 8 9 10 | 10.5
Armour         | 4 5 6 7 8 9 10 | 10.6
Shields        | 4 5 6 |  6.0
Axes           | 3 5 6 7 10 11 | 11.1
Invocations    | 1 3 4 6 7 |  7.1
Long Blades    | 5 10 12 13 | 13.7
Dodging        | 1 |  1.6
Bows           | 5 |  5.4
Stealth        | |  0.6

Action                   |  1- 3 |  4- 6 |  7- 9 | 10-12 || total
-------------------------+-------+-------+-------+-------++-------
Melee: War axe           |    75 |   106 |   184 |       ||   365
       Headbutt          |     7 |    13 |    46 |    48 ||   114
       Great sword       |       |       |    41 |   248 ||   289
       Long sword        |       |       |       |    34 ||    34
       Kick              |       |       |       |    14 ||    14
       Punch             |       |       |       |     1 ||     1
 Fire: Shortbow          |       |       |     2 |    49 ||    51
Invok: Wall of Briars    |       |       |     1 |     3 ||     4
       Grow Ballistomyce |       |       |       |     2 ||     2
Evoke: Wand              |       |       |       |     1 ||     1
  Use: Scroll            |       |     1 |    11 |    11 ||    23
       Potion            |       |     1 |     1 |     4 ||     6
 Stab: Confused          |       |       |       |     1 ||     1
Armor: Chain mail        |    32 |       |       |       ||    32
       Plate armour      |    34 |    77 |   198 |   266 ||   575
Dodge: Dodged            |    39 |    32 |    85 |   125 ||   281
Block: Buckler           |    16 |    26 |    47 |     4 ||    93
